 Dungeon Crawl Stone Soup version 0.30-b1-2-g02819fbbbe (webtiles) character file.

Game seed: 11437132306859362646

75 Dirian the Chopper (level 4, -1/41 HPs)
             Began as a Minotaur Berserker on May 19, 2023.
             Was a Follower of Trog.
             Slain by a gnoll
             ... wielding a +0 whip
              (4 damage)
             ... on level 2 of the Dungeon.
             The game lasted 00:01:28 (1065 turns).

Dirian the Chopper (Minotaur Berserker)             Turns: 1065, Time: 00:01:29

Health: -1/41      AC:  2    Str: 24    XL:     4   Next: 11%
Magic:  3/3        EV: 12    Int:  4    God:    Trog [*.....]
Gold:   102        SH:  0    Dex:  9    Spells: 3/3 levels left

rFire   . . .        a - +0 hand axe
rCold   . . .        (no shield)
rNeg    . . .        b - +0 animal skin
rPois   .            (helmet restricted)
rElec   .            (no cloak)
rCorr   .            (no gloves)
SInv    .            (no boots)
Will    .....        (no amulet)
Stlth   +            (no ring)
HPRegen 0.26/turn    (no ring)
MPRegen 0.08/turn

%: no passive effects
@: on berserk cooldown, slowed, very slow
A: horns 2, retaliatory headbutt
a: Renounce Religion, Berserk


You were on level 2 of the Dungeon.
You worshipped Trog.
Trog was aware of your devotion.
You visited 1 branch of the dungeon, and saw 2 of its levels.

You collected 102 gold pieces.

Inventory:

Hand Weapons
 a - a +0 hand axe (weapon)
Armour
 b - a +0 animal skin (worn)
 e - a +0 plate armour
Scrolls
 f - 3 scrolls of magic mapping {unknown}
 h - a scroll of identify {unknown}
 j - a scroll of immolation {unknown}
Potions
 c - a potion of degeneration {unknown}
 d - 2 potions of haste {unknown}
 g - a potion of curing {unknown}
 i - 2 potions of lignification {unknown}
 k - a potion of attraction {unknown}


   Skills:
 + Level 4.6 Fighting
 + Level 4.8 Axes
 * Level 3.2 Armour
 - Level 2.1 Dodging


You had 3 spell levels left.
You didn't know any spells.
Your spell library was empty.

Dungeon Overview and Level Annotations

Branches:
Dungeon (2/15) Zot: 10923

Altars:
Wu Jian

Annotations:
D:1 2 transporters
D:2 1 runed translucent door, Crazy Yiuf


Innate Abilities, Weirdness & Mutations

You have a pair of horns on your head.
You reflexively headbutt those who attack you in melee.


Message History

Items here: )) ††.
You closely miss the gnoll. You slash the hobgoblin!
You kill the hobgoblin!
Trog accepts your kill. The gnoll hits you with a +0 whip!
You slash the gnoll!
You kill the gnoll!
Trog accepts your kill.
You hit the gnoll.
You are no longer berserk.
You are exhausted.
You feel yourself slow down.
You have reached level 4!
You feel stronger.
You barely miss the gnoll.
The gnoll is lightly wounded.
The gnoll hits you with a +0 whip. The gnoll closely misses you.
You hit the gnoll.
The gnoll is moderately wounded.
The gnoll barely misses you.
You barely miss the gnoll.
The gnoll is moderately wounded.
The gnoll hits you with a +0 whip. The gnoll closely misses you.
You slash the gnoll!
The gnoll is severely wounded.
The gnoll hits you with a +0 whip. The gnoll hits you with a +0 whip!
* * * LOW HITPOINT WARNING * * *
You closely miss the gnoll. You punch the gnoll, but do no damage.
The gnoll is severely wounded.
The gnoll hits you with a +0 whip.
* * * LOW HITPOINT WARNING * * *
You barely miss the gnoll. Your headbutt misses the gnoll.
The gnoll is severely wounded.
The gnoll hits you with a +0 whip.
* * * LOW HITPOINT WARNING * * *
The gnoll closely misses you. You furiously retaliate!
You headbutt the gnoll. You hit the gnoll.
The gnoll is almost dead.
The gnoll hits you with a +0 whip.
You die...

###.# #.. ....# #.# .#
##### #.# .# #.# .# #.#
.# ##.## .# ##...## .#
##..#..###.####.#
########..###...@).....#
...........#..###g.....#
..########...... ......#
#.# ####### ####.## #.#
# #.# #.# #.# ..##


You could see a gnoll.

Vanquished Creatures
  3 gnolls (D:2)
  An adder (D:2)
  A worm (D:2)
  2 dart slugs (D:1)
  3 endoplasms
  2 giant cockroaches (D:1)
  2 goblins (D:1)
  3 hobgoblins
  2 quokkas
  6 bats
  2 frilled lizards (D:1)
  2 kobolds (D:1)
  2 rats
31 creatures vanquished.

Notes
Turn   | Place    | Note
-------+----------+-------------------------------------------
     0 | D:1      | Dirian the Minotaur Berserker began the quest for the Orb.
     0 | D:1      | Reached XP level 1. HP: 19/19 MP: 0/0
   161 | D:1      | Reached XP level 2. HP: 26/27 MP: 1/1
   781 | D:2      | Reached XP level 3. HP: 30/33 MP: 2/2
   892 | D:2      | Found an ornate altar of the Wu Jian Council.
  1000 | D:2      | Found a runed translucent door.
  1001 | D:2      | Noticed Crazy Yiuf
  1059 | D:2      | Reached XP level 4. HP: 26/41 MP: 3/3
  1064 | D:2      | HP: 2/41 [gnoll/+0 whip (1)]
  1065 | D:2      | Slain by a gnoll

Illustrated notes

Levels and vault maps discovered:
D:1:      spicycebolla_arrival_transporter_tutorial, layout_basic,
          minmay_hedge_maze
D:2:      layout_loops_ring, basic_altar, minmay_ruptured,
          uniq_crazy_yiuf_cottage

Skill      XL: |  1  2  3 |
---------------+----------+-----
Fighting       | 4 |  4.6
Axes           | 4 |  4.8
Armour         | 3 |  3.2
Dodging        | |  2.1

Action                     |  1- 3 |  4- 6 || total
---------------------------+-------+-------++-------
  Melee: Hand axe          |    68 |     7 ||    75
         Headbutt          |    11 |       ||    11
         Punch             |       |     1 ||     1
 Invoke: Berserk           |     1 |       ||     1
 Armour: Animal skin       |    18 |       ||    18
  Dodge: Dodged            |    48 |     4 ||    52
